 Dungeon Crawl Stone Soup version 0.29.1-2-gbd0b4ee654 (webtiles) character file.

Game seed: 5616862934791193894

318 GorkyZ the Trooper (level 6, 0/48 HPs)
             Began as a Demonspawn Fighter on Nov 23, 2022.
             Succumbed to a scorpion's poison
             ... on level 3 of the Dungeon.
             The game lasted 00:05:50 (2787 turns).

GorkyZ the Trooper (Demonspawn Fighter)             Turns: 2787, Time: 00:05:51

Health: 0/48       AC:  8    Str: 19    XL:     6   Next: 21%
Magic:  6/6        EV:  9    Int:  9    God:
Gold:   113        SH:  4    Dex: 12    Spells: 5/5 levels left

rFire   . . .      SeeInvis .   a - +0 war axe
rCold   . . .      Faith    .   c - +0 buckler
rNeg    . . .      Spirit   .   b - +0 scale mail
rPois   .          Reflect  .   (no helmet)
rElec   .          Harm     .   (no cloak)
rCorr   .          Rampage  .   (no gloves)
Will    .....                   (no boots)
Stlth   ..........              (no amulet)
HPRegen 0.16/turn               (no ring)
MPRegen 0.10/turn               (no ring)

@: lethally poisoned (0 -> -13)
A: slimy green scales 1, demonic magic 2, demonic touch 1
a: no special abilities


You were on level 3 of the Dungeon.
You visited 1 branch of the dungeon, and saw 4 of its levels.

You collected 113 gold pieces.

Inventory:

Hand Weapons
 a - a +0 war axe (weapon)
 r - a +2 vampiric whip
Missiles
 e - 3 silver boomerangs (quivered)
 s - 9 poisoned darts
Armour
 b - a +0 scale mail (worn)
 c - a +0 buckler (worn)
Jewellery
 m - an amulet of magic regeneration
Scrolls
 h - 2 scrolls of identify
 i - a scroll of acquirement {unknown}
 k - a scroll of immolation {unknown}
 l - a scroll of magic mapping {unknown}
 n - a scroll of fear {unknown}
 p - a scroll of brand weapon {unknown}
 q - a scroll of vulnerability {unknown}
Potions
 d - a potion of might
 f - a potion of lignification
 j - 2 potions of heal wounds {unknown}
 o - a potion of ambrosia {unknown}


   Skills:
 + Level 3.7 Fighting
 + Level 2.8 Axes
 + Level 1.8 Throwing
 + Level 3.5 Armour
 + Level 1.8 Dodging
 + Level 3.3 Shields
 + Level 2.1 Evocations


You had 5 spell levels left.
You didn't know any spells.
Your spell library contained the following spells:

 Spells                   Type           Power      Damage    Failure   Level
 Magic Dart               Conj           0%         1d3       83%         1
 Shock                    Conj/Air       0%         1d3       83%         1
 Call Imp                 Summ           0%         N/A       93%         2
 Mephitic Cloud           Conj/Pois/Air  0%         N/A       99%         3
 Swiftness                Air            0%         N/A       99%         3
 Airstrike                Air            0%         2d(0-16)  100%        4


Dungeon Overview and Level Annotations

Branches:
Dungeon (4/15)
 Temple: D:4-7

Altars:
Hepliaklqana
Uskayaw


Innate Abilities, Weirdness & Mutations

You are partially covered in slimy green scales. (AC +2)
Spells you cast may paralyse nearby enemies.
Your touch may inflict minor irresistible damage on your foes.


Message History

The scorpion is moderately wounded.
You hit the quokka but do no damage.
You feel very sick. The scorpion stings you.
You are more poisoned.
The scorpion poisons you!
The quokka bites you but does no damage.
The scorpion closely misses you. The quokka barely misses you.
You slash the scorpion!
The scorpion is almost dead.
You hit the quokka.
You kill the quokka!
You feel very sick. You block the scorpion's attack.
You closely miss the scorpion.
The scorpion is almost dead.
* * * LOW HITPOINT WARNING * * *
You feel very sick.
The scorpion stings you but does no damage.
The scorpion stings you.
* * * LOW HITPOINT WARNING * * *
You are lethally poisoned!
The scorpion poisons you!
You hit the scorpion.
You kill the scorpion!
* * * LOW HITPOINT WARNING * * *
You feel extremely sick.
You have reached level 6!
Your demonic ancestry asserts itself...
Your magic grows more menacing.
Okay, then.
As you read the scroll labelled FETSUA EXEIH, it crumbles to dust.
It is a scroll of amnesia.
You feel forgetful for a moment.
* * * LOW HITPOINT WARNING * * *
You feel very sick.
As you read the scroll labelled GIDURO AQID, it crumbles to dust.
It is a scroll of identify.
f - a potion of lignification You die...

.....<.###.####.# #.##.##
..........##....# #.##...
.........######## #.#####
....##.###### #.# ##. ..####.#
#≈###### #.###.. ..# #.#
##≈##...# #...... ..#
#.###≈≈≈###.# #####..
#.####.##≈≈≈≈#...##### ##.
#...##.##≈≈≈≈###@....######## ##
###.....#≈~~≈#..†~..........#####
#...##.##≈~.~~~~≈~≈~~~~~≈≈~~....#
#......#~≈≈≈~≈~≈~~~~)≈~~~≈.~.....
..###.....~~≈~≈..~~..~≈~~~≈≈≈...#
#####).##..~.≈~.~~~..≈~..≈≈≈≈#.##
.......###~..~.~.~...~.~#≈≈≈≈#...
#####......####.#.#..#.###≈≈≈#.##
#.####.#.........#.####≈≈#.##


There were no monsters in sight!

Vanquished Creatures
  Sigmund (D:3)
  A scorpion (D:3)
  2 adders (D:2)
  2 worms (D:2)
  A dart slug (D:3)
  4 orcs (D:3)
  3 bats
  7 endoplasms
  4 giant cockroaches
  7 goblins
  9 hobgoblins
  6 jackals
  3 kobolds
  6 quokkas
  4 ball pythons
  4 frilled lizards
  4 rats (D:1)
68 creatures vanquished.

Notes
Turn   | Place    | Note
-------+----------+-------------------------------------------
     0 | D:1      | GorkyZ the Demonspawn Fighter began the quest for the Orb.
     0 | D:1      | Reached XP level 1. HP: 18/18 MP: 1/1
   114 | D:1      | Gained mutation: You are partially covered in slimy green
                  | scales. (AC +2) [demonic ancestry]
   114 | D:1      | Reached XP level 2. HP: 24/24 MP: 2/2
   432 | D:1      | Found a faded altar of an unknown god.
   667 | D:2      | Gained mutation: Your touch may inflict minor irresistible
                  | damage on your foes. [demonic ancestry]
   667 | D:2      | Reached XP level 3. HP: 29/29 MP: 3/3
  1033 | D:2      | Reached skill level 1 in Evocations
  1386 | D:2      | Reached skill level 1 in Throwing
  1575 | D:2      | Gained mutation: Spells you cast may paralyse adjacent
                  | enemies. [demonic ancestry]
  1575 | D:2      | Reached XP level 4. HP: 35/35 MP: 4/4
  1772 | D:3      | Noticed a +0 hand axe
  1775 | D:3      | Noticed a +0 hand axe
  1777 | D:3      | Found a hide-covered altar of Uskayaw.
  1803 | D:3      | Reached skill level 1 in Dodging
  2288 | D:3      | Found a hazy altar of Hepliaklqana.
  2303 | D:3      | Noticed Sigmund
  2333 | D:3      | HP: 1/35 [Sigmund/magic dart (9)]
  2336 | D:3      | Killed Sigmund
  2337 | D:3      | Reached XP level 5. HP: 2/41 MP: 5/5
  2786 | D:3      | Gained mutation: Spells you cast may paralyse nearby
                  | enemies. [demonic ancestry]
  2786 | D:3      | Reached XP level 6. HP: 6/48 MP: 6/6
  2787 | D:3      | Succumbed to a scorpion's poison

Illustrated notes

Levels and vault maps discovered:
D:1:      mushboom_english_gardens, layout_basic, basic_ecumenical_altar
D:2:      layout_basic
D:3:      layout_loops_ring, dancing_weapons_uskayaw,
          mainiacjoe_overflow_catwalk, kennysheep_path_1,
          chequers_serial_rivers_large_a, uniq_sigmund
D:4:      layout_rooms, grunt_temple_overflow_opulence, lemuel_doored_altar,
          zin_statuary

Skill      XL: |  1  2  3  4 |
---------------+-------------+-----
Axes           | 2 |  2.8
Armour         | 3 |  3.5
Evocations     | 1 2 |  2.1
Throwing       | 1 |  1.8
Shields        | 3 |  3.3
Dodging        | 1 |  1.8
Fighting       | |  3.7

Action                   |  1- 3 |  4- 6 || total
-------------------------+-------+-------++-------
Melee: War axe           |    99 |    29 ||   128
       Whip              |       |    71 ||    71
  Use: Scroll            |       |     2 ||     2
Armor: Scale mail        |    48 |    55 ||   103
Dodge: Dodged            |    42 |    48 ||    90
Block: Buckler           |    25 |    27 ||    52
